 Dungeon Crawl Stone Soup version 0.25-a0-42-g6c54e25894 (webtiles) character file.

Game seed: 4188221963143611449, levelgen mode: deterministic

674 Fingolfin the Fighter (level 7, -2/69 HPs)
             Began as a Minotaur Berserker on Oct 23, 2019.
             Was a Priest of Trog.
             Killed from afar by Ijyb (13 damage)
             ... with a bolt of acid
             ... on level 5 of the Dungeon.
             The game lasted 00:05:53 (2363 turns).

Fingolfin the Fighter (Minotaur Berserker)          Turns: 2363, Time: 00:05:55

Health: -2/69      AC:  4    Str: 22    XL:     7   Next: 33%
Magic:  6/6        EV: 13    Int:  6    God:    Trog [***...]
Gold:   136        SH:  0    Dex:  9    Spells: 6/6 levels left

rFire    . . .     SeeInvis .   a - +0 hand axe
rCold    . . .     Gourm    .   (no shield)
rNeg     . . .     Faith    .   q - +2 robe {MR+}
rPois    .         Spirit   .   (helmet restricted)
rElec    .         Reflect  .   (no cloak)
rCorr    .         Harm     .   (no gloves)
MR       +....                  (no boots)
Stlth    +.........             (no amulet)
HPRegen  0.21/turn              e - ring of flight
MPRegen  0.10/turn              (no ring)

@: berserk cooldown, slowed, very slow
A: retaliatory headbutt, horns 2
a: Berserk, Trog's Hand, Renounce Religion, Evoke Flight


You were on level 5 of the Dungeon.
You worshipped Trog.
Trog was most pleased with you.
You were hungry.

You visited 1 branch of the dungeon, and saw 5 of its levels.

You collected 136 gold pieces.

Inventory:

Hand Weapons
 a - a +0 hand axe (weapon)
Missiles
 b - 77 stones (quivered)
 r - 3 boomerangs
Armour
 f - a +0 ring mail
 q - a +2 robe of magic resistance (worn)
Jewellery
 e - a ring of flight (left hand)
 u - a +1 ring of slaying {unknown}
Scrolls
 d - 2 scrolls of remove curse {unknown}
 j - a scroll of identify {unknown}
 k - a scroll of enchant weapon {unknown}
 l - 2 scrolls of random uselessness {unknown}
 m - a scroll of fog {unknown}
 o - a scroll of fear {unknown}
Potions
 g - a potion of heal wounds {unknown}
 h - 2 potions of might {unknown}
 i - a potion of curing {unknown}
 n - a potion of lignification {unknown}
 p - a potion of mutation {unknown}
 s - a potion of haste {unknown}
Comestibles
 c - 6 rations


   Skills:
 - Level 8.5 Fighting
 - Level 3.6 Axes
 + Level 4.7 Armour
 + Level 4.2 Dodging


You had 6 spell levels left.
You didn't know any spells.
Your spell library was empty.

Dungeon Overview and Level Annotations

Branches:
Dungeon (6/15)
 Temple: D:4-7

Altars:
Ashenzari
Fedhas
Trog
Vehumet

Annotations:
D:5 Ijyb


Innate Abilities, Weirdness & Mutations

You reflexively headbutt those who attack you in melee.
You have a pair of horns on your head.


Message History

* * * LOW HITPOINT WARNING * * *
Ijyb barely misses you. The gnoll hits you but does no damage.
Ijyb barely misses you. You furiously retaliate!
You headbutt Ijyb! You hit Ijyb but do no damage.
Ijyb is severely wounded.
The gnoll hits you from afar with a +0 spear.
* * * LOW HITPOINT WARNING * * *
Ijyb barely misses you.
You miss Ijyb.
Ijyb is severely wounded.
The gnoll hits you but does no damage. Ijyb hits you but does no damage.
Ijyb screams, "Level is mine!
All mine!"
Ijyb zaps a wand.
The bolt of acid misses you. The gnoll misses you.
You hit Ijyb but do no damage. Your headbutt misses Ijyb.
Ijyb is severely wounded.
The gnoll barely misses you. Ijyb hits you but does no damage.
The gnoll hits you from afar with a +0 spear.
* * * LOW HITPOINT WARNING * * *
Ijyb zaps a wand.
The bolt of acid hits you!
You die...

###...gg.$.....#
##.#.###.####.#
#.g.$....# #.#
#.g###.### #.#
#.g###### #.#
#.......# #.#
##(####.## #.#
#g###...####.#
#.g...#.gg@..#
#####...######
####.##########
#.............#
#.##.########.#
# #.# #.# #.#
##.######## #.#
#...).....# ..#
#.Z######.#


You could see Ijyb and a gnoll.

Vanquished Creatures
  A sky beast (D:6)
  2 slaves (D:5)
  A black bear (D:6)
  3 bullfrogs
  A crimson imp (D:6)
  An orc priest (D:3)
  Jessica (D:2)
  A centaur skeleton (D:5)
  A worker ant (D:5)
  An orc wizard (D:3)
  A worker ant zombie (D:6)
  Robin (D:2)
  3 gnolls (D:5)
  3 adders (D:2)
  3 dart slugs (D:1)
  2 leopard geckos
  4 orcs
  3 giant cockroaches
  12 goblins
  5 hobgoblins (D:2)
  2 jackals (D:5)
  6 kobolds
  A quokka (D:6)
  4 bats
  A rat (D:1)
64 creatures vanquished.

Notes
Turn   | Place    | Note
-------+----------+-------------------------------------------
     0 | D:1      | Fingolfin the Minotaur Berserker began the quest for the
                  | Orb.
     0 | D:1      | Reached XP level 1. HP: 19/19 MP: 0/0
    59 | D:1      | Reached skill level 4 in Fighting
   103 | D:1      | Reached XP level 2. HP: 14/28 MP: 1/1
   823 | D:2      | Reached skill level 5 in Fighting
   870 | D:2      | Found a bloodstained altar of Trog.
   874 | D:2      | Noticed Robin
   875 | D:2      | Reached XP level 3. HP: 36/36 MP: 2/2
   908 | D:2      | Reached ** piety under Trog
   916 | D:2      | Killed Robin
  1331 | D:2      | Reached skill level 6 in Fighting
  1331 | D:2      | Reached XP level 4. HP: 41/44 MP: 3/3
  1402 | D:2      | Noticed Jessica
  1406 | D:2      | Killed Jessica
  1635 | D:3      | Reached XP level 5. HP: 43/51 MP: 4/4
  1636 | D:3      | Reached skill level 7 in Fighting
  1808 | D:3      | You fall into a shaft and drop 3 floors!
  1808 | D:6      | Found a blossoming altar of Fedhas.
  1816 | D:6      | Found a shattered altar of Ashenzari.
  1819 | D:6      | Found a radiant altar of Vehumet.
  1828 | D:6      | Noticed a sky beast
  1837 | D:6      | Killed a sky beast
  1837 | D:6      | Reached skill level 8 in Fighting
  1837 | D:6      | Reached XP level 6. HP: 62/62 MP: 5/5
  1946 | D:6      | Noticed an ice beast
  1971 | D:6      | Reached XP level 7. HP: 53/69 MP: 6/6
  2110 | D:5      | Entered Level 5 of the Dungeon
  2310 | D:5      | Noticed Ijyb
  2331 | D:5      | Reached *** piety under Trog
  2363 | D:5      | Killed from afar by Ijyb

Levels and vault maps discovered:
D:1:      giann_forest_graveyard, layout_basic
D:2:      layout_basic, bloody_trog, uniq_jessica, uniq_robin
D:3:      layout_basic, old_standard_altar
D:5:      layout_loops_ring, temple_fountains, first_ration,
          kennysheep_generic_room_16, uniq_menkaure, uniq_pikel, uniq_duvessa,
          uniq_ijyb
D:6:      layout_basic, grunt_temple_overflow_diamond

Skill      XL: |  1  2  3  4  5  6  7 |
---------------+----------------------+-----
Fighting       | 4 5 6 8 |  8.5
Armour         | 3 4 |  4.7
Dodging        | 3 4 |  4.2
Axes           | |  3.6

Action                   |  1- 3 |  4- 6 |  7- 9 || total
-------------------------+-------+-------+-------++-------
Melee: Hand axe          |    58 |    45 |    35 ||   138
       Headbutt          |    12 |     7 |     7 ||    26
Invok: Berserk           |     1 |     3 |     2 ||     6
       Trog's Hand       |       |       |     1 ||     1
  Eat: Chunk             |     2 |     5 |     2 ||     9
Armor: Animal skin       |     2 |       |       ||     2
       Ring mail         |    20 |     2 |       ||    22
       Robe              |       |     3 |    10 ||    13
Dodge: Dodged            |    28 |    35 |    35 ||    98

Table legend:
 A = Non-vault XP
 B = Vault XP
 C = Vault XP percentage of total XP
 D = Non-vault monster count
 E = Vault monster count
 F = Vault count percentage of total count
                 A         B        C        D         E       F
            +---------+---------+-------+---------+---------+-------
      Total |     889 |      75 |   7.8 |      48 |      14 |  22.6
            +---------+---------+-------+---------+---------+-------
        D:1 |      27 |       0 |   0.0 |      11 |       0 |   0.0
        D:2 |      56 |      75 |  57.3 |      14 |      14 |  50.0
        D:3 |      88 |       0 |   0.0 |       6 |       0 |   0.0
        D:5 |     210 |       0 |   0.0 |       9 |       0 |   0.0
        D:6 |     508 |       0 |   0.0 |       8 |       0 |   0.0
            +---------+---------+-------+---------+---------+-------
